 Dungeon Crawl Stone Soup version 0.23.2-32-g37ab1d4649 (webtiles) character file.

Game seed: 14045764917075149458

84 FABLE the Skirmisher (level 4, 0/41 HPs)
             Began as a Minotaur Abyssal Knight on June 26, 2019.
             Was a Follower of Lugonu.
             Succumbed to Crazy Yiuf's poison
             ... on level 2 of the Dungeon.
             The game lasted 00:04:57 (652 turns).

FABLE the Skirmisher (Minotaur Abyssal Knight)       Turns: 652, Time: 00:04:57

Health: 0/41       AC:  6    Str: 16    XL:     4   Next: 23%
Magic:  4/4        EV:  9    Int:  9    God:    Lugonu [*.....]
Gold:   4          SH:  0    Dex: 11    Spells: 3/3 levels left

rFire    . . .     SeeInvis .   a - +1 falchion
rCold    . . .     Gourm    .   (no shield)
rNeg     . . .     Faith    .   e - +0 scale mail
rPois    .         Spirit   .   (helmet restricted)
rElec    .         Reflect  .   (no cloak)
rCorr    .         Harm     .   (no gloves)
MR       .....                  (no boots)
Stlth    ..........             (no amulet)
HPRegen  0.13/turn              (no ring)
MPRegen  0.09/turn              (no ring)

@: lethally poisoned (0 -> -9), hasted, very quick
A: retaliatory headbutt, horns 2
a: Depart the Abyss, Renounce Religion


You were on level 2 of the Dungeon.
You worshipped Lugonu.
Lugonu was aware of your devotion.
You were not hungry.

You visited 1 branch of the dungeon, and saw 2 of its levels.
You visited the Abyss 1 time.

You collected 4 gold pieces.

Inventory:

Hand Weapons
 a - a +1 falchion (weapon)
Armour
 b - a +0 leather armour
 d - a +0 ring mail
 e - a +0 scale mail (worn)
 m - a +2 robe of fire resistance
Wands
 k - a wand of paralysis (8)
Scrolls
 f - a scroll of identify {unknown}
 g - a scroll of remove curse {unknown}
 l - a scroll of amnesia {unknown}
Potions
 j - a potion of lignification {unknown}
Comestibles
 c - 3 rations
 h - 6 chunks of flesh


   Skills:
 + Level 4.9 Fighting
 + Level 3.4 Long Blades
 + Level 3.2 Armour
 + Level 1.2 Dodging
 + Level 2.1 Invocations


You had 3 spell levels left.
You didn't know any spells.
Your spell library was empty.

Dungeon Overview and Level Annotations

Branches:
Dungeon (2/15)

Altars:

Annotations:
D:2 Crazy Yiuf


Innate Abilities, Weirdness & Mutations

You reflexively headbutt those who attack you in melee.
You have a pair of horns on your head.


Message History

Okay, then.
You hit Crazy Yiuf.
Crazy Yiuf is almost dead.
Crazy Yiuf barely misses you.
You closely miss Crazy Yiuf.
Crazy Yiuf is almost dead.
You closely miss Crazy Yiuf.
Crazy Yiuf is almost dead.
Crazy Yiuf hits you with a +2 quarterstaff of chaos.
* * * LOW HITPOINT WARNING * * *
Crazy Yiuf burns you.
* * * LOW HITPOINT WARNING * * *
You barely miss Crazy Yiuf.
Crazy Yiuf is almost dead.
Crazy Yiuf hits you with a +2 quarterstaff of chaos!
* * * LOW HITPOINT WARNING * * *
You are lethally poisoned!
You hit Crazy Yiuf.
Crazy Yiuf is almost dead.
You die...

#.#### ##.....## #.#
#.##.## ##.......##
##.## #.#...#
#...[.....####..†#
#####..####
##########'.......
#......# #####...#
#.###..# ########
#..... #.# #..# ###
###.#..#.###.#.## #.#
#..#
#...##..#......##.#...
#.# #..#
#...g@####......#.###.
#.# ##.# #)..###
##.#.....###. #.######
### #######.....
#......# #...####.
######## ###.# #. ###
###########.# #. #.#
##........##.# #.
#.####.........##.####.
#..................)...


You could see Crazy Yiuf.

Vanquished Creatures
  Jessica (D:2)
  An iguana (D:2)
  2 adders (D:2)
  A dart slug (D:1)
  A worm (D:2)
  3 giant cockroaches (D:2)
  2 hobgoblins
  A quokka (D:2)
  2 rats (D:2)
14 creatures vanquished.

Notes
Turn   | Place    | Note
-------+----------+-------------------------------------------
     0 | Abyss:1  | FABLE the Minotaur Abyssal Knight began the quest for the
                  | Orb.
     0 | Abyss:1  | Reached XP level 1. HP: 19/19 MP: 1/1
   112 | Abyss:1  | Noticed a hellwing
   113 | D:1      | Escaped the Abyss
   191 | D:2      | Reached skill level 4 in Fighting
   343 | D:2      | Reached XP level 2. HP: 27/27 MP: 2/2
   350 | D:2      | Reached * piety under Lugonu
   409 | D:2      | Reached XP level 3. HP: 32/34 MP: 3/3
   561 | D:2      | Noticed Jessica
   573 | D:2      | Killed Jessica
   573 | D:2      | Reached XP level 4. HP: 37/41 MP: 4/4
   632 | D:2      | Found a runed translucent door.
   633 | D:2      | Noticed Crazy Yiuf
   651 | D:2      | HP: 1/41 [Crazy Yiuf/+2 quarterstaff of chaos (9)]
   652 | D:2      | Succumbed to Crazy Yiuf's poison

Skill      XL: |  1  2  3 |
---------------+----------+-----
Fighting       | 4 |  4.9
Invocations    | 2 |  2.1
Long Blades    | 3 |  3.4
Armour         | 3 |  3.2
Dodging        | |  1.2

Action                   |  1- 3 |  4- 6 || total
-------------------------+-------+-------++-------
Melee: Falchion          |    41 |    15 ||    56
       Headbutt          |     5 |     1 ||     6
Invok: Depart the Abyss  |     1 |       ||     1
  Use: Potion            |       |     1 ||     1
Armor: Scale mail        |    12 |     1 ||    13
Dodge: Dodged            |    20 |     4 ||    24
       Rpst.: Falchion   |     6 |       ||     6
